Map: Frozen Temple

Players

Sugar - Winner!

  • Race: Terran Terran
  • League: Grandmaster

Neuro

  • Race: Zerg Zerg
  • League: Grandmaster

VOD

Have the link to the VOD?

Description

Time

  • Played on: June 2, 2016, 8:12 p.m.
  • Length: 6:43
Show
View Real Time Build Order
Export as new Build Order

Sugar Terran - Winner!

Build Orders:  

Get SALT Encoding   

  12  0:00  SCV  
  13  0:12  SCV  
  14  0:18  Supply Depot  
  14  0:24  SCV  
  15  0:39  SCV  
  15  0:40  Barracks  
  16  0:44  Refinery  
  16  0:51  SCV  
  17  1:00  Barracks  
  17  1:03  SCV  
  18  1:17  Barracks  
  18  1:24  Refinery  
  18  1:29  Reaper  
  19  1:41  Orbital Command  
  19  1:46  Reaper  
  20  1:57  Supply Depot  
  20  2:01  Reaper  
  20  2:07  Reaper  
  22  2:12  SCV  
  23  2:19  Reaper  
  24  2:24  SCV  
  25  2:33  Reaper  
  25  2:36  SCV  
  27  2:39  Reaper  
  28  2:48  SCV  
  28  2:51  Reaper  
  30  2:54  Supply Depot  
  30  3:00  SCV  
  31  3:12  SCV  
  31  3:16  Reaper x2  
  31  3:19  Supply Depot  
  33  3:22  Marine  
  33  3:24  SCV  
  35  3:37  SCV  
  35  3:41  Reaper  
  37  3:48  Reaper x2  
  39  3:49  SCV  
  39  3:52  Supply Depot  
  39  3:53  Command Center  
  39  4:01  SCV  
  40  4:13  Reaper  
  40  4:20  Reaper x2  
  42  4:26  Command Center  
  42  4:37  SCV  
  43  4:45  Reaper  
  44  4:52  Reaper x2  
  46  4:58  SCV  
  46  4:59  Barracks  
  47  5:00  Barracks  
  47  5:15  Engineering Bay  
  47  5:17  Reaper  
  48  5:24  Reaper x2  
  50  5:35  Barracks x2  
  49  5:46  Engineering Bay, Orbital Command  
  49  5:49  Reaper  
  49  5:56  Reaper x2  
  50  6:11  Orbital Command  
  50  6:16  SCV  
Show
View Real Time Build Order
Export as new Build Order

Neuro Zerg 

Build Orders: Hatch First 

Get SALT Encoding   

  12  0:02  Drone  
  13  0:12  Overlord  
  13  0:17  Drone  
  14  0:30  Drone x2  
  14  0:35  Drone  
  17  0:52  Hatchery  
  17  0:55  Drone  
  17  0:58  Drone  
  18  1:13  Spawning Pool  
  18  1:14  Drone  
  18  1:18  Drone  
  19  1:29  Extractor, Drone  
  19  1:39  Drone  
  20  1:51  Drone  
  21  2:01  Overlord  
  21  2:03  Queen  
  21  2:04  Queen  
  21  2:07  Zergling x2  
  26  2:12  Zergling x2  
  27  2:18  Roach Warren, Drone  
  27  2:22  Drone  
  28  2:31  Drone  
  29  2:39  Queen  
  30  2:52  Zergling x8  
  30  2:55  Overlord  
  34  3:01  Overlord  
  34  3:08  Roach  
  34  3:14  Roach x3  
  34  3:18  Roach  
  39  3:24  Roach  
  39  3:30  Roach x2  
  42  3:35  Roach  
  42  3:36  Drone  
  45  3:44  Drone x2  
  45  3:45  Drone  
  48  3:56  Drone x4  
  52  4:03  Metabolic Boost  
  52  4:15  Roach  
  52  4:18  Overlord  
  50  4:25  Overlord  
  50  4:28  Roach  
  50  4:29  Roach  
  50  4:33  Zergling x4  
  54  4:38  Roach  
  52  4:46  Roach  
  52  4:47  Queen  
  53  4:53  Roach  
  53  5:02  Roach  
  53  5:06  Zergling x16  
  61  5:10  Queen  
  58  5:17  Roach x2  
  56  5:29  Roach  
  56  5:31  Zergling x4  
  56  5:32  Zergling x8  
  59  5:40  Roach  
  59  5:41  Zergling x2  
  61  5:46  Queen, Roach  
  65  5:55  Roach  
  65  6:01  Zergling x2  
  61  6:05  Hatchery  
  56  6:12  Roach x2  
  56  6:18  Overlord  
Tags
 
Add a new tag
Caveats
  • Supply blocks, unpowered buildings, or Contaminate may cause inaccurate times.
  • Supply counts are checked every 10 seconds.